Arrhythmia, chaotic female vampiric Convict ----------- |........<.# #--------------------------------- |.........| #.))[..[.........................| |.........|#########..----....----- ----+--..----- | |..........# #|.|..|---.| .| - --------- |[|..|..|.| .| |.-|-|..|.| -.| |....|.)|.| |.---+ |.{..--|-.----- |..S. |..........-..| - -----.d---- |....--|-..|..| |..s..@..Y@! |.--+|..|.----- - ---..@.| | |.| |..|.+ ----F-----.| |.| |---.| +F....... |.| |....| |.......| +.----....------+--------.....{.| |...............................| --------------------------------- Arrhythmia the Jail-bird Experience level: 9 Strength: 25 Dexterity: 11 Constitution: 20 Intelligence: 12 Wisdom: 9 Charisma: 7 Health: 0(95) Energy: 50(50) AC: 2 Gold: 0 Moves: 4090 Your Inventory: Armor b - a cursed +0 striped shirt (being worn) y - an [uncursed] +0 pair of hard shoes of power [iron] (being worn) J - an [uncursed] +0 elven mithril-coat (being worn) N - a cursed -3 hard hat [dwarvish iron helm] (being worn) O - an [uncursed] burnt +1 hooded cloak [dwarvish] (being worn) U - an [uncursed] +0 small shield (being worn) Rings x - an uncursed ring of shock resistance (on right hand) Tools R - an [uncursed] bag [sack] T - an [uncursed] towel Iron balls c - an [uncursed] heavy iron ball (chained to you) (weapon in hand) Contents of the sack: 850 gold pieces an uncursed +0 dagger of reflection an [uncursed] scroll of identify a [blessed] spellbook of healing an [uncursed] wand of create monster [0:12] an [uncursed] wand of magic missile [0:7] an [uncursed] wand of magic missile [0:5] an [uncursed] partly used [tallow] candle (0:74) an [uncursed +0] pick-axe an [uncursed] skeleton key an uncursed touchstone an [uncursed] violet gem [worthless glass] an [uncursed] white gem [worthless glass] 2 [uncursed] yellowish brown gems [worthless glass] Spells known in the end: Name Level Category Fail Memory a - healing 1 healing 100% [||||||||] Your skills at the end: Fighting Skills Weapon Skills sling [Basic / Skilled] Spellcasting Skills Final Attributes: You had transgressed. Hunger level was 792. Your alignment was -87 / 30. Monster difficulty range was 1 - 7. Level difficulty was 6. You were immune to electricity. You were immune to poison. You were immune to level-drain. You were immune to sickness. You were punished. You could fly. You could survive without air. You regenerated. Your luck was zero. You are dead. Vanquished creatures: a watch captain 7 watchmen a housecat a blue jelly 3 human zombies a wood nymph 4 Mordor orcs a rock mole a pony 5 gnome lords a gnomish wizard 2 guardian naga hatchlings a gray ooze a ghoul 3 giant ants a little dog a kitten 11 dwarves a kobold lord 2 hill orcs a rothe a rabid rat a centipede 2 giant bats 5 orc zombies a wererat 3 acid blobs 2 gas spores 4 hobbits a large kobold a hobgoblin a giant rat 2 cave spiders a brown mold a yellow mold a red mold 35 gnomes 5 geckos 4 jackals 3 kobolds a goblin 5 sewer rats 2 grid bugs a bat 4 lichens a kobold zombie 5 newts 143 creatures vanquished. Voluntary challenges: You went without food. You used a wielded weapon 11 times. You read items or engraved 78 times. You put on armor 20 times. You never genocided any monsters. You never polymorphed an object. You never changed form. You used no wishes. You wrote Elbereth's name 42 times. You never encountered a bones level. You never used any Sokoban shortcuts. Dungeon overview: The Dungeons of Doom: levels 1 to 2 Level 1 a long staircase Level 2 stairs to The Gnomish Mines The Gnomish Mines: levels 3 to 6 Level 3 stairs to The Dungeons of Doom Level 6 <- You were here a delicatessen, some fountains History has recorded: On T:1 you entered the Dungeons of Doom to retrieve the Amulet of Yendor! On T:322 you reached level 2 of The Dungeons of Doom. On T:662 you advanced to experience level 2. On T:737 you advanced to experience level 3. On T:914 you advanced to experience level 4. On T:972 you reached level 1 of The Gnomish Mines. On T:1011 you advanced to experience level 5. On T:1342 you advanced to experience level 6. On T:1668 you reached level 2 of The Gnomish Mines. On T:1909 you advanced to experience level 7. On T:3033 you reached level 3 of The Gnomish Mines. On T:3042 you advanced to experience level 8. On T:3928 you reached level 4 of The Gnomish Mines. On T:4065 you advanced to experience level 9. Latest messages: You add "Elbereth" with your fingers to the scrawl on the floor. The Woodland-elf thrusts her elven dagger. The Woodland-elf hits! [HP-8=29] You add "Elbereth" with your fingers to the scrawl on the floor. The Woodland-elf thrusts her elven dagger. The Woodland-elf hits! [HP-5=24] You add "Elbereth" with your fingers to the scrawl on the floor. The Woodland-elf thrusts her elven dagger. The Woodland-elf hits! The lichen turns to flee! [HP-6=18] You add "Elbereth" with your fingers to the scrawl on the floor. The Woodland-elf thrusts her elven dagger. The Woodland-elf hits! [HP-9=9] You add "Elbereth" with your fingers to the scrawl on the floor. The werejackal turns to flee! The Woodland-elf thrusts her elven dagger. The Woodland-elf hits! [HP-7=2] You add "Elbereth" with your fingers to the scrawl on the floor. The Woodland-elf thrusts her elven dagger. The Woodland-elf hits! You die... Djombang looks at your corpse and sighs. Final status: Goodbye Arrhythmia the Convict... You died in The Gnomish Mines on dungeon level 6 with 6747 points, and 850 pieces of gold, after 4090 moves. You were level 9 with a maximum of 95 hit points when you died.